 Dungeon Crawl Stone Soup version 0.27-a0-1312-g5cdb2b3542 (webtiles) character file.

Game seed: 13958490352114480233

2107 Demosthentine the Spear-Bearer (level 9, -2/71 HPs)
             Began as a Merfolk Gladiator on June 21, 2021.
             Slain by an orc warrior (14 damage)
             ... on level 6 of the Dungeon.
             The game lasted 00:06:21 (9126 turns).

Demosthentine the Spear-Bearer (Merfolk Gladiator)  Turns: 9126, Time: 00:06:21

Health: -2/71      AC: 13    Str: 16    XL:     9   Next: 28%
Magic:  9/9        EV: 16    Int:  7    God:
Gold:   382        SH:  0    Dex: 17    Spells: 8/8 levels left

rFire    . . .     SeeInvis .   a - +1 trident
rCold    . . .     Faith    .   (no shield)
rNeg     . . .     Spirit   .   b - +0 leather armour
rPois    .         Reflect  .   c - +0 helmet
rElec    .         Harm     .   m - +2 cloak
rCorr    .         Rampage  .   p - +0 pair of gloves
Will     .....                  (no boots)
Stlth    +.........             v - amulet of magic regeneration
HPRegen  0.21/turn              r - +4 ring of protection
MPRegen  0.36/turn              (no ring)

@: no status effects
A: (nimble swimmer 2), mertail
a: no special abilities


You were on level 6 of the Dungeon.
You visited 1 branch of the dungeon, and saw 7 of its levels.

You collected 382 gold pieces.

Inventory:

Hand Weapons
 a - a +1 trident (weapon)
Missiles
 d - 5 throwing nets (quivered)
 z - a curare-tipped dart
Armour
 b - a +0 leather armour (worn)
 c - a +0 helmet (worn)
 m - a +2 cloak (worn)
 p - a +0 pair of gloves (worn)
Jewellery
 f - a ring of ice
 r - a +4 ring of protection (left hand)
 s - the ring "Mymug" {Fly rPois rF- Will+ Dex+3}
   (You found it on level 4 of the Dungeon)

   [ring of flight]

   It affects your dexterity (+3).
   It makes you vulnerable to fire.
   It protects you from poison.
   It grants you flight.
   It increases your willpower.
 v - an amulet of magic regeneration (around neck)
Wands
 e - a wand of digging (2)
Scrolls
 k - a scroll of fog
 o - a scroll of holy word
 w - a scroll of amnesia
Potions
 g - 2 potions of heal wounds
 h - 5 potions of curing
 i - 2 potions of mutation
 j - a potion of lignification
 l - 2 potions of cancellation
 n - a potion of brilliance
 q - a potion of haste
 t - a potion of flight
 u - a potion of attraction


   Skills:
 + Level 6.9 Fighting
 + Level 9.6 Polearms
 - Level 2.0 Throwing
 + Level 4.3 Armour
 + Level 8.8 Dodging


You had 8 spell levels left.
You didn't know any spells.
Your spell library contained the following spells:

 Spells                   Type           Power      Damage    Failure   Level
 Corona                   Hex            0%         N/A       50%         1
 Magic Dart               Conj           0%         1d3       50%         1
 Blink                    Tloc           N/A        N/A       63%         2
 Call Imp                 Summ           0%         N/A       63%         2
 Slow                     Hex            0%         N/A       63%         2
 Conjure Flame            Conj/Fire      0%         6-21      86%         3
 Inner Flame              Hex/Fire       0%         N/A       86%         3
 Mephitic Cloud           Conj/Pois/Air  0%         N/A       86%         3
 Portal Projectile        Hex/Tloc       0%         N/A       86%         3
 Cause Fear               Hex            0%         N/A       99%         4
 Leda's Liquefaction      Hex/Erth       0%         N/A       99%         4


Dungeon Overview and Level Annotations

Branches:
Dungeon (7/15)
 Temple: D:4-7

Altars:
Ashenzari


Innate Abilities, Weirdness & Mutations

((You are quick and stealthy near water. (Stealth+, EV+, Speed+++)))
Your lower body shifts to a powerful aquatic tail in water.


Message History

Aim: an orc warrior, wielding a +0 broad axe and wearing a +0 chain mail (61% to hit)
You throw a throwing net.
The throwing net barely misses the orc warrior.
The orc warrior barely misses you.
You hit the orc warrior but do no damage.
The orc warrior hits you with a +0 broad axe.
* * * LOW HITPOINT WARNING * * *
Unknown command.
Throw: 7 throwing nets
Press: ? - help, Q - select action, (/) - cycle Shift-Dir - straight line, f/p - orc warrior
Aim: an orc warrior, wielding a +0 broad axe and wearing a +0 chain mail (61% to hit)
You throw a throwing net. The throwing net hits the orc warrior.
The orc warrior is caught in the net!
The orc warrior struggles against the net.
You strike the helpless orc warrior from behind!
You hit the orc warrior but do no damage.
The orc warrior struggles against the net.
You strike the helpless orc warrior from behind!
You hit the orc warrior.
The orc warrior is lightly wounded.
You puncture the orc warrior!
The orc warrior is heavily wounded.
The orc warrior struggles against the net.
You hit the orc warrior but do no damage.
The orc warrior is heavily wounded.
The orc warrior struggles against the net.
You completely miss the orc warrior.
The orc warrior is heavily wounded.
The orc warrior struggles against the net.
You hit the orc warrior.
The orc warrior is heavily wounded.
The orc warrior struggles against the net.
The net rips apart, and the orc warrior comes free!
Throw: 6 throwing nets
Press: ? - help, Q - select action, (/) - cycle Shift-Dir - straight line, f/p - orc warrior
Aim: an orc warrior, wielding a +0 broad axe and wearing a +0 chain mail (heavily wounded, 61% to hit)
You throw a throwing net.
The throwing net closely misses the orc warrior.
The orc warrior hits you with a +0 broad axe!
You die...

........###.....##.#.....#
##.
..........)...#.##.......#
#.
........####....####.....#
##. #...#.###
#....(###....># #.. #...#.#
#.........##### ###..
......# #####.##### #....
#)))..# #.# #.... ##.#..#
#o### #.... ......## #@..##
###.. ####.#.## ##..[## #..
.##.###.#### ##.....##
#######. ...#.###...#
#.......####.....>.
.#....#.##.#
#............######
.......###.####.......######
..........<...##.....##
........##.##.###...##
##....#.#..##.# #####


You could see an orc warrior.

Vanquished Creatures
  A troll (D:5)
  A water moccasin (D:5)
  A black bear (D:4)
  A necrophage (D:7)
  2 ogres (D:5)
  A phantom (D:5)
  A kobold brigand (D:6)
  2 scorpions
  A wyvern zombie (D:6)
  A water moccasin skeleton (D:6)
  2 howler monkeys (D:6)
  A bullfrog zombie (D:6)
  A gnoll shaman (D:4)
  A jelly (D:5)
  4 hounds
  An orc priest (D:4)
  2 bullfrog skeletons (D:5)
  2 centaur skeletons (D:6)
  Natasha (thrice) (D:3 D:4)
  2 orc wizards
  The ghost of Teslaz24 the Cudgeller, a weakling FoGl (D:4)
  A hound skeleton (D:5)
  19 gnolls
  15 adders
  A shadow imp (D:6)
  An adder skeleton (D:4)
  2 worms
  4 dart slugs
  11 orcs
  4 endoplasms
  2 giant cockroaches
  7 goblins
  16 hobgoblins
  6 jackals
  6 quokkas
  8 ball pythons
  10 bats
  6 frilled lizards
  17 kobolds
  7 rats
175 creatures vanquished.

Notes
Turn   | Place    | Note
-------+----------+-------------------------------------------
     0 | D:1      | Demosthentine the Merfolk Gladiator began the quest for the
                  | Orb.
     0 | D:1      | Reached XP level 1. HP: 16/16 MP: 1/1
   237 | D:1      | Reached XP level 2. HP: 23/23 MP: 2/2
   704 | D:1      | Reached XP level 3. HP: 20/28 MP: 3/3
   904 | D:1      | Reached skill level 5 in Polearms
  1448 | D:1      | Reached skill level 1 in Armour
  1448 | D:1      | Reached XP level 4. HP: 6/35 MP: 4/4
  2377 | D:1      | Reached skill level 5 in Dodging
  2637 | D:2      | Reached XP level 5. HP: 41/41 MP: 5/5
  3935 | D:3      | Reached skill level 6 in Polearms
  3960 | D:3      | Reached XP level 6. HP: 41/48 MP: 6/6
  4155 | D:3      | Noticed Natasha
  4159 | D:3      | Killed Natasha
  4464 | D:3      | Noticed Natasha
  4478 | D:3      | Killed Natasha
  4600 | D:3      | Noticed Natasha
  4754 | D:4      | Killed Natasha
  5275 | D:4      | Found a broken altar of Ashenzari.
  5321 | D:4      | Noticed a black bear
  5333 | D:4      | Killed a black bear
  5334 | D:4      | Reached XP level 7. HP: 29/55 MP: 7/7
  5551 | D:4      | Identified the ring "Mymug" {Fly rPois rF- Will+ Dex+3}
  5745 | D:4      | Reached skill level 7 in Polearms
  6381 | D:4      | Found a large runed translucent door.
  6381 | D:4      | Found a large runed translucent door.
  6384 | D:4      | Noticed Teslaz24's ghost (weakling FoGl)
  6609 | D:4      | Killed Teslaz24's ghost
  6647 | D:5      | Entered Level 5 of the Dungeon
  6714 | D:5      | Reached skill level 5 in Fighting
  6980 | D:5      | Reached XP level 8. HP: 56/62 MP: 8/8
  7038 | D:5      | You fall into a shaft and drop 1 floor!
  7066 | D:6      | Reached skill level 8 in Polearms
  8031 | D:5      | Noticed a troll
  8046 | D:5      | Killed a troll
  8047 | D:5      | Reached skill level 9 in Polearms
  8047 | D:5      | Reached XP level 9. HP: 38/71 MP: 9/9
  9126 | D:6      | Slain by an orc warrior

Illustrated notes

Levels and vault maps discovered:
D:1:      lemuel_arrival_muddy, layout_basic, minmay_quantized
D:2:      minmay_razor_zed, layout_basic, minmay_hedge_maze
D:3:      layout_basic, minmay_misc_feat_room, minmay_misc_feat_cross,
          minmay_starry_boxes, uniq_natasha
D:4:      layout_cave_pods, ashenzari_conservatory_becter,
          ebering_ghost_disaster_area, kennysheep_generic_room_12
D:5:      layout_basic, minmay_misc_feat_enclosed, serial_bayou_pond_d,
          minmay_misc_feat_hallway
D:6:      layout_loops_cross
D:7:      layout_basic, minmay_temple_entry_stoned_glass, enter_ossuary_5,
          serial_bayou_ford_a, dk_rats_in_the_wall, uniq_duvessa

Skill      XL: |  1  2  3  4  5  6  7  8 |
---------------+-------------------------+-----
Polearms       | 5 6 7 9 |  9.6
Fighting       | 3 4 5 6 |  6.9
Armour         | 1 2 3 4 |  4.3
Dodging        | 5 6 7 8 |  8.8
Throwing       | |  2.0

Action                   |  1- 3 |  4- 6 |  7- 9 || total
-------------------------+-------+-------+-------++-------
Melee: Trident           |   127 |   307 |   364 ||   798
Throw: Throwing net      |     1 |       |     3 ||     4
  Use: Scroll            |     2 |    11 |     4 ||    17
 Stab: Sleeping          |     1 |     2 |     1 ||     4
       Held in net/web   |       |       |     2 ||     2
Armor: Leather armour    |    23 |    72 |   102 ||   197
Dodge: Dodged            |    63 |   219 |   246 ||   528

Table legend: (Time is in decaauts)
 A = Elapsed time spent in this place.
 B = Non-inter-level travel time spent in this place.
 C = Inter-level travel time spent in this place.
 D = Time resting spent in this place.
 E = Time spent auto-exploring this place.
 F = Levels seen in this place.
 G = Mean time per level.
                   A        B        C        D        E       F      G
               +--------+--------+--------+--------+--------+-----+--------+
         Total |   9102 |   8917 |    185 |    828 |   6721 |   7 | 1300.3 |
       Dungeon |   9102 |   8917 |    185 |    828 |   6721 |   7 | 1300.3 |
               +--------+--------+--------+--------+--------+-----+--------+

Top non-repeatable levels by time:
     D:1: 2332 daAuts
     D:4: 1900 daAuts
     D:5: 1468 daAuts
     D:2: 1281 daAuts
     D:3: 1137 daAuts
     D:6: 946 daAuts
     D:7: 35 daAuts
